 Dungeon Crawl Stone Soup version 0.21.1-1-g345015f (webtiles) character file.

676 poirepourri the Chopper (level 7, -6/61 HPs)
             Began as a Deep Dwarf Fighter on July 21, 2018.
             Killed from afar by an oklob sapling (17 damage)
             ... with a splash of acid
             ... on level 4 of the Dungeon.
             The game lasted 00:02:54 (1117 turns).

poirepourri the Chopper (Deep Dwarf Fighter)        Turns: 1117, Time: 00:02:55

Health: -6/61      AC:  2    Str: 19    XL:     7   Next: 33%
Magic:  7/7        EV:  9    Int:  9    God:
Gold:   85         SH: 10    Dex: 14    Spells: 6/6 levels left

rFire    . . .     SeeInvis .   a - +0 war axe
rCold    . . .     Gourm    .   c - +1 shield
rNeg     . . .     Faith    .   b - +0 scale mail
rPois    .         Spirit   .   (no helmet)
rElec    .         Reflect  .   (no cloak)
rCorr    .         Harm     .   (no gloves)
MR       ++...                  (no boots)
Stlth    ..........             (no amulet)
HPRegen  0.00/turn              g - ring of protection from magic
MPRegen  0.10/turn              (no ring)

@: corroded, non-regenerating
A: damage resistance, heal wounds, sense surroundings 1, no regeneration
a: Heal Wounds


You were on level 4 of the Dungeon.
You were not hungry.

You visited 1 branch of the dungeon, and saw 4 of its levels.

You collected 85 gold pieces.

Inventory:

Hand Weapons
 a - a +0 war axe (weapon)
Missiles
 d - 40 bolts
Armour
 b - a +0 scale mail (worn)
 c - a +1 shield (worn)
Jewellery
 g - a ring of protection from magic (left hand)
Comestibles
 f - 5 rations
 h - a chunk of flesh


   Skills:
 - Level 2.6 Fighting
 + Level 7.8 Axes
 - Level 3.2 Armour
 - Level 4.4 Dodging
 - Level 3.2 Shields


You had 6 spell levels left.
You didn't know any spells.

Dungeon Overview and Level Annotations

Branches:
Dungeon (4/15)             Temple (0/1) D:4

Altars:
Cheibriados
Dithmenos
Fedhas
Nemelex Xobeh
Qazlal
Sif Muna
The Shining One

Annotations:
D:4 exclusion: oklob sapling


Innate Abilities, Weirdness & Mutations

You are resistant to damage.
You can heal yourself by infusing magical energy.
You passively map a small area around you.
You do not regenerate.


Message History

The oklob sapling is heavily damaged.
You hit the plant but do no damage. x4
You slash the oklob sapling!
The oklob sapling is almost destroyed.
You hit the plant but do no damage. You completely miss the plant.
You hit the plant but do no damage. x2
You hit the oklob sapling but do no damage.
The oklob sapling is almost destroyed.
You hit the plant but do no damage. You hit the plant. You slash the plant!
You hit the plant but do no damage. The oklob sapling spits acid at you.
The splash of acid hits you!
You are splashed with acid!
The acid burns!
* * * LOW HITPOINT WARNING * * *
You hit the oklob sapling but do no damage.
The oklob sapling is almost destroyed.
You hit the plant. x2; You completely miss the plant.
You hit the plant but do no damage. The oklob sapling spits acid at you.
The splash of acid hits you!
You die...

.###..# #..# , ## ## ##.# #..#
########. .###..# #..# #_.......
#.#.#># #### #..#####......
##.##.# ###...#####..#...###....
.####.# #.....PP..P..#.### ###..
P * #.# #..P.PPP.#....####.... P
#.# #$##PPPP..P#...###......
≈P.##.####...PPP@.P.....#_.......
#.........#.(PP.PP..##.########.
#.....#######P.PPP.P.##.# #.# ##
..###########..P.....##.# #.# # .
........[###########.# #.# **
#........# #.# #.# #.#.####.# #.#
#.#### #.#.# #.# #.# #..... ,
#.#.####.######.####.####


You could see an oklob sapling.

Vanquished Creatures
  The ghost of dscm the Ducker, an amateur OpFi (D:4)
  2 ogres (D:4)
  3 orc priests
  3 orc wizards (D:3)
  3 worker ants
  A hound skeleton (D:4)
  An adder (D:4)
  A howler monkey skeleton (D:4)
  A worm (D:4)
  2 dart slugs
  12 orcs
  A giant cockroach (D:1)
  A goblin (D:3)
  2 hobgoblins
  3 jackals (D:3)
  A quokka (D:4)
  2 bats (D:2)
  2 frilled lizards
  A kobold (D:3)
  A quokka skeleton (D:4)
  2 rats
  A plant (D:4)
47 creatures vanquished.

Notes
Turn   | Place    | Note
-------+----------+-------------------------------------------
     0 | D:1      | poirepourri the Deep Dwarf Fighter began the quest for the Orb.
     0 | D:1      | Reached XP level 1. HP: 20/20 MP: 1/1
   151 | D:2      | Reached skill level 3 in Axes
   151 | D:2      | Reached XP level 2. HP: 25/27 MP: 2/2
   203 | D:3      | Reached skill level 4 in Axes
   203 | D:3      | Reached XP level 3. HP: 31/33 MP: 3/3
   214 | D:3      | Reached XP level 4. HP: 16/40 MP: 4/4
   308 | D:3      | Reached skill level 5 in Axes
   367 | D:3      | Reached skill level 1 in Dodging
   367 | D:3      | Reached XP level 5. HP: 43/46 MP: 5/5
   701 | D:4      | Noticed an ogre
   703 | D:4      | Noticed an ogre
   709 | D:4      | Found a sparkling altar of Nemelex Xobeh.
   723 | D:4      | Killed an ogre
   723 | D:4      | Reached XP level 6. HP: 42/55 MP: 6/6
   724 | D:4      | Reached skill level 6 in Axes
   726 | D:4      | Found a deep blue altar of Sif Muna.
   795 | D:4      | Noticed dscm's ghost (amateur OpFi)
   813 | D:4      | Killed dscm's ghost
   813 | D:4      | Reached skill level 7 in Axes
   813 | D:4      | Reached XP level 7. HP: 52/61 MP: 7/7
  1002 | D:4      | Found a shadowy altar of Dithmenos.
  1009 | D:4      | Found a glowing golden altar of the Shining One.
  1009 | D:4      | Found a stormy altar of Qazlal.
  1019 | D:4      | Found a blossoming altar of Fedhas.
  1019 | D:4      | Found a snail-covered altar of Cheibriados.
  1071 | D:4      | Found a staircase to the Ecumenical Temple.
  1117 | D:4      | Killed from afar by an oklob sapling

Skill      XL: |  1  2  3  4  5  6 |
---------------+-------------------+-----
Axes           | 3 4 5 7 |  7.8
Dodging        | 1 4 |  4.4
Fighting       | |  2.6
Armour         | |  3.2
Shields        | |  3.2

Action                   |  1- 3 |  4- 6 |  7- 9 || total
-------------------------+-------+-------+-------++-------
Melee: War axe           |    44 |   127 |    46 ||   217
 Abil: Heal Wounds       |       |     2 |     1 ||     3
  Use: Potion            |     1 |     4 |       ||     5
       Scroll            |       |     1 |     2 ||     3
  Eat: Chunk             |       |       |     1 ||     1
Armor: Scale mail        |    40 |    26 |     6 ||    72
       Skin              |       |    10 |       ||    10
Dodge: Dodged            |    19 |    46 |     7 ||    72
Block: Shield            |    28 |    62 |    14 ||   104
